 Dungeon Crawl Stone Soup version 0.17.0-28-g6e173f8 (webtiles) character file.

45 fredomojojo the Shield-Bearer (level 3, 0/29 HPs)
             Began as a Formicid Fighter on Nov 23, 2015.
             Slain by an adder (3 damage)
             ... on level 2 of the Dungeon.
             The game lasted 00:16:02 (1052 turns).

fredomojojo the Shield-Bearer (Formicid Fighter)    Turns: 1052, Time: 00:16:02

Health: 0/29       AC:  9    Str: 21      XL:     3   Next: 90%
Magic:  3/3        EV:  6    Int:  7      God:
Gold:   78         SH:  9    Dex:  8 (10) Spells: 0 memorised, 2 levels left

rFire  . . .     SeeInvis +     a - +0 long sword
rCold  . . .     Clarity  .     m - +0 chain mail
rNeg   . . .     SustAt   .     c - +0 shield
rPois  .         Gourm    .     (helmet unavailable)
rElec  .         Spirit   .     (no cloak)
rCorr  .         Warding  .     (no gloves)
rMut   .         Stasis   +     (no boots)
MR     .....                    (no amulet)
Stlth  ..........               (no ring)
                                (no ring)

@: lethally poisoned (0 -> -3), very slightly contaminated, invisible, not
resistant to hostile enchantments, extremely unstealthy
A: permanent stasis, dig shafts and tunnels, four strong arms, antennae 3
a: Dig, Shaft Self


You were on level 2 of the Dungeon.
You were not hungry.

You visited 1 branch of the dungeon, and saw 3 of its levels.

You collected 78 gold pieces.

Inventory:

Hand Weapons
 a - a +0 long sword (weapon)
 n - a +0 dagger of speed
 o - a +0 falchion
Armour
 c - a +0 shield (worn)
 m - a +0 chain mail (worn)
Scrolls
 f - a scroll of teleportation {unknown}
 i - a scroll of enchant armour {unknown}
 j - 3 scrolls of noise {unknown}
 k - 4 scrolls of identify {unknown}
 l - a scroll of remove curse {unknown}
Potions
 d - a potion of might
Comestibles
 e - 2 bread rations
 g - a chunk of flesh


   Skills:
 + Level 3.6 Fighting
 + Level 2.3 Long Blades
 + Level 3.8 Armour
 + Level 0.6 Dodging
 + Level 4.1 Shields


You had 2 spell levels left.
You didn't know any spells.

Dungeon Overview and Level Annotations

Branches:
Dungeon (3/15)

Altars:
Gozag
Xom
Zin
The Shining One


Innate Abilities, Weirdness & Mutations

You are under a permanent stasis effect.
You can dig through walls and to a lower floor.
Your four strong arms can wield two-handed weapons with a shield.
You have a pair of large antennae on your head (SInv).


Message History

The adder is moderately wounded.
* * * LOW HITPOINT WARNING * * *
You feel sick. The adder bites you but does no damage.
The adder bites you but does no damage.
It was a potion of magic.
Magic courses through your body. The adder bites you but does no damage.
It was a potion of degeneration.
There was something very wrong with that liquid.
You feel clumsy.
* * * LOW HITPOINT WARNING * * *
You feel sick. You block the adder's attack.
It was a potion of invisibility.
You fade into invisibility!
The adder bites you but does no damage.
You are very lightly contaminated with residual magic.
* * * LOW HITPOINT WARNING * * *
You feel sick. You block the adder's attack.
* * * LOW HITPOINT WARNING * * *
You feel sick. The adder bites you.
You die...

#.# #.###. ..####..# # #.#
....##..##..# .# #.#
#...#......#..# #.#
#.##...##....##..# . #.#
........#....#..# . #.#
###.###........## . #.#
#...........[.#.# # #.#
#####S.(........# #
#.##########...#@........########
#...............#................
###########......................
#.....###...########### ##...##
##### # ##### # # # #


You could see an adder.

Vanquished Creatures
  A worm (D:2)
  2 giant geckos (D:2)
  2 goblins (D:1)
  5 hobgoblins
  11 jackals
  2 kobolds
  6 bats
  A giant newt (D:2)
  6 rats
36 creatures vanquished.

Notes
Turn   | Place    | Note
--------------------------------------------------------------
     0 | D:1      | fredomojojo the Formicid Fighter began the quest for the Orb.
     0 | D:1      | Reached XP level 1. HP: 18/18 MP: 1/1
   167 | D:1      | Reached XP level 2. HP: 24/24 MP: 2/2
   459 | D:1      | Reached XP level 3. HP: 29/29 MP: 3/3
   539 | D:1      | Reached skill level 4 in Shields
   553 | D:2      | Found a glowing golden altar of the Shining One.
   553 | D:2      | Found an opulent altar of Gozag.
   553 | D:2      | Found a glowing silver altar of Zin.
   553 | D:2      | Found a shimmering altar of Xom.
  1052 | D:2      | Slain by an adder

Action                   || total
-------------------------++-------
Melee: Long sword        ||   132
  Use: Potion            ||     3
  Eat: Chunk             ||     1
